 Dungeon Crawl Stone Soup version 0.22.1-2-g9c5b331383 (webtiles) character file.

33 Gargoyl the Skirmisher (level 3, -1/33 HPs)
             Began as a Centaur Abyssal Knight on Dec 16, 2018.
             Was an Initiate of Lugonu.
             Slain by a rat (3 damage)
             ... on level 1 of the Dungeon.
             The game lasted 00:01:18 (207 turns).

Gargoyl the Skirmisher (Centaur Abyssal Knight)      Turns: 207, Time: 00:01:18

Health: -1/33      AC:  7    Str: 14    XL:     3   Next: 12%
Magic:  4/4        EV:  7    Int: 11    God:    Lugonu [......]
Gold:   0          SH:  0    Dex:  9    Spells: 2/2 levels left

rFire    . . .     SeeInvis .   a - +1 hand axe
rCold    x . .     Gourm    .   (no shield)
rNeg     . . .     Faith    .   d - +1 scale mail of Xaruc {+Fly rC- MR+ rCorr} (curse)
rPois    .         Spirit   .   (no helmet)
rElec    .         Reflect  .   (no cloak)
rCorr    +         Harm     .   (no gloves)
MR       +....                  (no barding)
Stlth    ..........             (no amulet)
HPRegen  0.11/turn              (no ring)
MPRegen  0.09/turn              (no ring)

@: very quick
A: large, hooves 3, deformed body, speed 2, tough skin 3
a: Renounce Religion, Evoke Flight


You were on level 1 of the Dungeon.
You worshipped Lugonu.
Lugonu was noncommittal.
You were not hungry.

You visited 1 branch of the dungeon, and saw 1 of its levels.
You visited the Abyss 1 time.

Inventory:

Hand Weapons
 a - a +1 hand axe (weapon)
Armour
 b - a +0 leather armour
 d - the cursed +1 scale mail of Xaruc (worn) {+Fly rC- MR+ rCorr}
   (You found it on level 2 of the Abyss)

   It makes you vulnerable to cold.
   It affects your resistance to hostile enchantments.
   It lets you fly.
   It provides partial protection from all sources of acid and corrosion.
   It has a curse placed upon it.
Comestibles
 c - a ration


   Skills:
 + Level 3.8 Fighting
 + Level 2.0 Axes
 + Level 1.6 Armour
 + Level 0.7 Dodging
 + Level 2.2 Invocations


You had 2 spell levels left.
You didn't know any spells.
Your spell library was empty.

Dungeon Overview and Level Annotations

Branches:
Dungeon (1/15)

Altars:


Innate Abilities, Weirdness & Mutations

You have hooves in place of feet.
Armour fits poorly on your strangely shaped body.
You cover ground very quickly.
You have extremely tough skin. (AC +3)


Message History

Unknown command.
You hit the rat but do no damage. Your kick misses the rat.
You closely miss the frilled lizard.
The frilled lizard bites you but does no damage.
The rat completely misses you.
Unknown command.
You hit the rat but do no damage. You hit the frilled lizard.
You kill the frilled lizard!
Lugonu accepts your kill. The rat bites you.
* * * LOW HITPOINT WARNING * * *
Unknown command.
You closely miss the rat. The rat bites you but does no damage.
Unknown command.
You closely miss the rat. The rat bites you but does no damage.
Unknown command.
You hit the rat. Your kick misses the rat.
The rat is severely wounded.
The rat bites you.
You die...

.[.≈≈≈≈.≈≈≈≈...
...≈≈≈≈.≈≈≈≈...
...≈≈≈≈.≈≈≈≈...
...≈≈≈≈.≈≈≈≈...
...≈≈≈≈.≈≈≈≈...
...P≈≈...≈≈P...
......†........
.......@r......
..........$....
...P≈≈..$≈≈P...
...≈≈≈≈.≈≈≈≈...
...≈≈≈≈.≈≈≈≈...
...≈≈≈≈.≈≈≈≈...
...≈≈≈≈.≈≈≈≈...
...≈≈≈≈.≈≈≈≈...


You could see a rat.

Vanquished Creatures
  An iron imp (Abyss:1)
  An ufetubus (Abyss:1)
  A frilled lizard (D:1)
3 creatures vanquished.

Notes
Turn   | Place    | Note
-------+----------+-------------------------------------------
     0 | Abyss:1  | Gargoyl the Centaur Abyssal Knight began the quest for the
                  | Orb.
     0 | Abyss:1  | Reached XP level 1. HP: 19/19 MP: 2/2
    54 | Abyss:1  | Noticed an iron imp
    61 | Abyss:1  | Killed an iron imp
    61 | Abyss:1  | Reached XP level 2. HP: 11/27 MP: 3/3
    61 | Abyss:1  | Reached XP level 3. HP: 13/33 MP: 4/4
   109 | Abyss:1  | Noticed a necromancer
   145 | Abyss:1  | Noticed a large abomination
   172 | Abyss:2  | Noticed a smoke demon
   172 | Abyss:2  | Noticed an efreet
   190 | Abyss:2  | Got a twisted scale mail
   191 | D:1      | Escaped the Abyss
   202 | D:1      | Identified the cursed +1 scale mail of Xaruc {+Fly rC- MR+
                  | rCorr} (You found it on level 2 of the Abyss)
   207 | D:1      | Slain by a rat

Skill      XL: |  1 |
---------------+----+-----
Axes           | 2 |  2.0
Fighting       | |  3.8
Armour         | |  1.6
Dodging        | |  0.7
Invocations    | |  2.2

Action                   || total
-------------------------++-------
Melee: Hand axe          ||    15
       Kick              ||     2
Invok: Depart the Abyss  ||     1
  Use: Scroll            ||     1
Armor: Leather armour    ||     8
       Scale mail        ||     5
       Skin              ||     2
Dodge: Dodged            ||    10
